AoeStats
← Chill_Deep

Arabia

507657067Analyzed
4v4 RM · 14d ago on Sep 19, 2026· 54m 4s· 8 players
Game mode
Random Map
Map size
Large (8 player)
Population
200
Speed
Normal
Resources
Standard
Victory
Conquest
Starting age
Dark Age
Ending age
Imperial Age
RankedLock teamsTeams togetherTeam positionsShared explorationLock speedFull tech treeHidden civsTurbo modeCheats
Victory
Defeat
🇺🇸 Lithuanians · United States
1097
+11
🇺🇸 Vietnamese · United States
994
+15
🇺🇸 Magyars · United States
993
+15
🇺🇸 Goths · United States
864
+20
🇨🇴 Mongols · Colombia
994
-16
🇵🇪 Japanese · Peru
963
-15
🇹🇼 Franks · Taiwan
962
-15
🇩🇪 Huns · Germany
961
-33
心死就在一瞬間
3:41 Loom
10:55 Feudal Age
11:52 Double-Bit Axe
24:08 Castle Age
22:59 Scale Barding Armor
23:05 Forging
25:14 Chain Barding Armor
25:48 Gold Mining
26:41 Husbandry
30:39 Bow Saw
37:57 Stone Mining
DonJuan14
0:50 Loom
13:18 Feudal Age
13:26 Man-at-Arms
13:54 Double-Bit Axe
13:52 Horse Collar
14:22 Gold Mining
25:30 Castle Age
23:43 Stone Mining
25:48 Long Swordsman
27:06 Gold Shaft Mining
27:00 Heavy Plow
27:14 Bow Saw
29:14 Scale Mail Armor
32:13 Squires
32:02 Arson
38:14 Imperial Age
37:09 Light Cavalry
38:00 Bloodlines
45:37 Husbandry
JAKOW45
2:29 Loom
10:19 Feudal Age
11:29 Double-Bit Axe
22:25 Castle Age
22:12 Horse Collar
24:59 Padded Archer Armor
25:04 Scale Barding Armor
24:50 Fletching
25:33 Gold Mining
26:00 Leather Archer Armor
25:58 Bow Saw
26:58 Gold Shaft Mining
26:55 Bodkin Arrow
28:56 Wheelbarrow
28:06 Town Watch
30:05 Ballistics
33:55 Imperial Age
35:32 Conscription
35:52 Elite Mangudai
37:13 Hand Cart
37:18 Heavy Plow
38:27 Stone Mining
41:47 Chain Barding Armor
41:28 Bracer
42:01 Light Cavalry
42:52 Bloodlines
Causa rellena
11:20 Loom
14:16 Feudal Age
22:24 Double-Bit Axe
26:09 Castle Age
24:01 Stone Mining
24:01 Gold Mining
24:01 Stone Mining
24:00 Horse Collar
25:44 Fletching
25:56 Scale Mail Armor
26:06 Forging
27:02 Bow Saw
27:28 Gold Shaft Mining
27:36 Wheelbarrow
28:38 Treadmill Crane
28:56 Bodkin Arrow
32:28 Iron Casting
33:05 Yasama
34:08 Chain Mail Armor
35:09 Hand Cart
36:15 Guard Tower
36:45 Ballistics
38:11 Heavy Plow
42:08 Imperial Age
39:20 Man-at-Arms
39:45 Gambesons
40:00 Squires
39:45 Arson
40:04 Squires
40:23 Long Swordsman
43:00 Two-Handed Swordsman
45:24 Kataparuto
46:48 Conscription
46:27 Pikeman
49:10 Blast Furnace
49:46 Champion
52:47 Plate Mail Armor
Fragmonkei
7:33 Loom
11:21 Feudal Age
12:56 Horse Collar
13:06 Double-Bit Axe
17:51 Fletching
23:09 Wheelbarrow
23:55 Loom
26:44 Castle Age
30:25 Thumb Ring
29:45 Elite Skirmisher
32:18 Bow Saw
32:10 Heavy Plow
33:35 Ballistics
33:18 Bodkin Arrow
33:24 Padded Archer Armor
36:56 Leather Archer Armor
38:55 Hand Cart
43:35 Imperial Age
43:50 Imperial Skirmisher
44:33 Bracer
45:04 Ring Archer Armor
45:36 Chemistry
47:58 Parthian Tactics
46:56 Heavy Cavalry Archer
49:52 Conscription
Lightbarrier
11:40 Feudal Age
16:35 Castle Age
15:42 Double-Bit Axe
16:34 Horse Collar
19:36 Loom
20:26 Bow Saw
20:31 Heavy Plow
22:48 Stone Mining
26:38 Squires
26:51 Forging
29:03 Gold Mining
30:14 Wheelbarrow
30:17 Iron Casting
32:03 Anarchy
35:24 Imperial Age
34:26 Hand Cart
35:02 Man-at-Arms
36:30 Long Swordsman
38:43 Blast Furnace
37:45 Scale Mail Armor
37:54 Perfusion
37:20 Two-Handed Swordsman
38:09 Champion
40:50 Fletching
41:01 Padded Archer Armor
45:01 Chemistry
44:23 Ballistics
44:43 Conscription
46:13 Masonry
51:18 Bodkin Arrow
microwaveLAZAR
11:19 Feudal Age
11:25 Man-at-Arms
22:49 Castle Age
24:01 Crossbowman
50:26 Elite Skirmisher
Chill_Deep
7:30 Loom
10:11 Feudal Age
11:15 Double-Bit Axe
12:11 Horse Collar
19:21 Scale Barding Armor
22:09 Castle Age
21:04 Scale Barding Armor
21:12 Forging
21:20 Bloodlines
22:11 Forging
23:46 Bow Saw
23:42 Heavy Plow
25:01 Wheelbarrow
26:11 Husbandry
30:41 Town Watch
31:26 Chain Barding Armor
31:41 Iron Casting
35:10 Hand Cart
38:33 Imperial Age
37:11 Gold Mining
37:15 Stone Mining
38:12 Fletching
38:24 Padded Archer Armor
38:52 Ballistics
38:43 Masonry
38:13 Treadmill Crane
40:01 Plate Barding Armor
39:22 Bodkin Arrow
38:59 Cavalier
41:48 Bracer
42:04 Leather Archer Armor
43:07 Thumb Ring
42:22 Elite Skirmisher
45:13 Tower Shields
44:38 Imperial Skirmisher
45:17 Elite Leitis
47:54 Chemistry
54:06 Architecture
Connection lost

Rejoining the realm…

Still unreachable

The connection could not be restored.

Session expired

The server has moved on; the page needs a fresh start.